 Dungeon Crawl Stone Soup version 0.20-a0-754-g13ddd6e (webtiles) character file.

5049 Gorglomux the Transmogrifier (level 10, -2/76 HPs)
             Began as a Merfolk Transmuter on Feb 26, 2017.
             Was a Follower of Ashenzari.
             Slain by an eight-headed hydra (10 damage)
             ... on level 8 of the Dungeon.
             The game lasted 00:24:55 (10373 turns).

Gorglomux the Transmogrifier (Merfolk Transmuter)  Turns: 10373, Time: 00:24:56

Health: -2/76      AC: 10    Str: 11    XL:     10   Next: 56%
Magic:  13/18      EV: 17    Int: 20    God:    Ashenzari [*.....]
Gold:   922        SH:  3    Dex: 15    Spells: 5/19 levels left

rFire    . . .     SeeInvis .     - Unarmed
rCold    . . .     Gourm    .   F - +3 leather armour {MR+}
rNeg     . . .     Faith    .   (no shield)
rPois    .         Spirit   .   (no helmet)
rElec    .         Reflect  +   v - +1 cloak
rCorr    .         Harm     .   C - +0 pair of gloves
MR       +....                  (no boots)
Stlth    +.........             n - +3 amulet of reflection
Regen    0.3/turn               W - ring of wizardry (curse)
MPRegen  0.2/turn               l - +5 ring of intelligence (curse)

@: lethally poisoned (-2 -> -3)
A: change form in water, swift swim, stealthy swim
a: Curse Item, Scrying, Renounce Religion


You were on level 8 of the Dungeon.
You worshipped Ashenzari.
Ashenzari was aware of your devotion.
You were very hungry.

You visited 1 branch of the dungeon, and saw 9 of its levels.
You also visited: Bailey.

You collected 922 gold pieces.

Inventory:

Missiles
 a - 164 arrows
 Z - 9 throwing nets (quivered)
Armour
 b - a +0 robe
 v - a +1 cloak (worn)
 C - a +0 pair of gloves (worn)
 F - a +3 leather armour of magic resistance (worn)
Jewellery
 c - an uncursed ring of protection from cold
 f - an uncursed amulet of magic regeneration
 l - a cursed +5 ring of intelligence (left hand)
 n - a +3 amulet of reflection (around neck)
 r - an uncursed ring of positive energy
 W - a cursed ring of wizardry (right hand)
Wands
 p - a wand of disintegration (15/24)
 L - a wand of lightning (4/15)
Scrolls
 h - a scroll of enchant weapon
 u - a scroll of fear
 y - a scroll of summoning {unknown}
 z - a scroll of noise {unknown}
 H - a scroll of amnesia {unknown}
 J - a scroll of blinking {unknown}
 K - a scroll of magic mapping {unknown}
 T - 4 scrolls of teleportation
Potions
 e - a potion of flight
 k - 2 potions of lignification
 s - 2 potions of heal wounds
 t - a potion of ambrosia
 B - a potion of cancellation
 E - a potion of haste
 G - a potion of magic
 I - 2 potions of agility
 M - a potion of berserk rage {unknown}
 P - a potion of brilliance {unknown}
 U - 5 potions of curing
Books
 N - a book of Maledictions

   Spells                             Type                      Level
   a - Corona                         Hexes                        1
   b - Ensorcelled Hibernation        Hexes/Ice                    2
   c - Confuse                        Hexes                        3
   d - Tukima's Dance                 Hexes                        3
   e - Dazzling Spray                 Conjuration/Hexes            3
 O - a book of Necromancy

   Spells                             Type                      Level
   a - Pain                           Necromancy                   1
   b - Animate Skeleton               Necromancy                   1
   c - Vampiric Draining              Necromancy                   3
   d - Regeneration                   Charms/Necromancy            3
   e - Animate Dead                   Necromancy                   4
   f - Control Undead                 Necromancy                   4
 Q - a book of Changes

   Spells                             Type                      Level
   a - Beastly Appendage              Transmutation                1
   b - Sticks to Snakes               Transmutation                2
   c - Spider Form                    Transmutation/Poison         3
   d - Ice Form                       Ice/Transmutation            4
   e - Blade Hands                    Transmutation                5
 S - a book of Callings

   Spells                             Type                      Level
   a - Summon Small Mammal            Summoning                    1
   b - Call Imp                       Summoning                    2
   c - Call Canine Familiar           Summoning                    3
   d - Summon Guardian Golem          Hexes/Summoning              3
   e - Summon Lightning Spire         Summoning/Air                4
   f - Summon Ice Beast               Ice/Summoning                4
Miscellaneous
 Y - a lamp of fire
Comestibles
 d - 4 bread rations
 i - 6 meat rations
 D - 9 fruits
 V - 6 royal jellies


   Skills:
 - Level 6.2 Fighting
 - Level 5.0 Armour
 + Level 9.1 Dodging
 - Level 4.4 Unarmed Combat
 - Level 5.3 Spellcasting
 - Level 2.1 Charms
 - Level 3.0 Necromancy
 - Level 9.2 Transmutations
 - Level 2.0 Poison Magic


You had 5 spell levels left.
You knew the following spells:

 Your Spells              Type           Power        Failure   Level  Hunger
a - Beastly Appendage     Tmut           #####.       1%          1    None
b - Sticks to Snakes      Tmut           #####...     1%          2    None
c - Spider Form           Tmut/Pois      ####......   2%          3    ##.....
d - Blade Hands           Tmut           #####.....   4%          5    #####..
R - Regeneration          Chrm/Necr      ###.......   7%          3    ##.....


Dungeon Overview and Level Annotations

Branches:
Dungeon (9/15)             Temple (0/1) D:6            Lair (0/6) D:9
    Orc: D:9-12

Altars:
Ashenzari
Cheibriados
Dithmenos
Elyvilon
Fedhas
Gozag
Hepliaklqana
Makhleb
Nemelex Xobeh
Okawaru
Qazlal
Ru
Uskayaw
Wu Jian
Xom
The Shining One


Message History

* * * LOW HITPOINT WARNING * * *
The eight-headed hydra closely misses you.
You climb upwards.
You feel sick.
There is a stone staircase leading down here.
You feel sick.
Your hands revert to their normal proportions.
Your +0 pair of gloves unmelds from your body.
You feel sick.
A scorpion comes into view.
You feel sick.
You feel sick.
As you read the scroll of fear, it crumbles to dust.
You assume a fearsome visage.
The scorpion looks frightened!
The eight-headed hydra resists with some effort.
The eight-headed hydra completely misses you.
The eight-headed hydra bites you but does no damage.
The eight-headed hydra bites you.
* * * LOW HITPOINT WARNING * * *
The eight-headed hydra bites you!
You die...

#.##.##.†.#...........#.#
#...............(.##.[#.#
######......#####.......#
######.#.......##.##..###
#.....................#
#.####.....s##.##.##.##
#[# ###..#.##.......# #.#
####..#.#####.####### #.#
#....D@.............# #.#
#.###.###.#########.# #.#
#.# #.# #.# #.#
#.###>###.# #.# #.#
#.........# #.# #(#
#####.##### #.# #.# #.#
#.# ##.## #.# #.# ##...##
#.# #.#######.###.#


You could see an eight-headed hydra and a scorpion (fleeing).

Vanquished Creatures
  A two-headed ogre (D:8)
  Pikel (D:6)
  The ghost of Malvoorn the Slasher, an amateur DsBe of Trog (D:4)
  Eustachio (D:6)
  A water moccasin (D:8)
  A sky beast (D:8)
  4 centaurs
  3 ogres
  A crocodile (D:7)
  2 bullfrogs (D:8)
  9 gnoll sergeants
  A scorpion (D:6)
  5 killer bees
  A howler monkey (D:6)
  6 crimson imps
  A quasit (D:7)
  A centaur zombie (D:6)
  4 hounds
  A jelly (D:7)
  2 bullfrog skeletons (D:4)
  Crazy Yiuf (D:2)
  A centaur skeleton (D:6)
  6 gnoll shamans (Bailey)
  7 orc priests
  2 iguanas
  Ijyb (D:2)
  12 worker ants
  An orc wizard (D:4)
  A howler monkey zombie (D:8)
  A howler monkey skeleton (D:6)
  24 gnolls
  13 adders
  2 shadow imps
  An adder zombie (D:8)
  An adder skeleton (D:4)
  6 worms
  3 dart slugs
  4 leopard geckos
  10 orcs
  6 bats
  5 giant cockroaches
  9 hobgoblins
  2 kobolds
  5 quokkas
  3 ball pythons
  A ball python skeleton (D:4)
  8 frilled lizards
  6 goblins
  A jackal zombie (D:5)
  A leopard gecko skeleton (D:5)
  6 rats
197 creatures vanquished.

Vanquished Creatures (collateral kills)
  Prince Ribbit (D:6)
  A sky beast (D:5)
  A gnoll (Bailey)
  A quokka (D:6)
4 creatures vanquished.

Vanquished Creatures (others)
  A slave (D:6)
  Blork the orc (D:6)
  A bullfrog (D:6)
  A howler monkey (D:6)
  A crimson imp (D:6)
  An orc (D:6)
  A goblin (D:3)
7 creatures vanquished.

Grand Total: 208 creatures vanquished

Notes
Turn   | Place    | Note
-------+----------+-------------------------------------------
     0 | D:1      | Gorglomux the Merfolk Transmuter began the quest for the Orb.
     0 | D:1      | Reached XP level 1. HP: 15/15 MP: 3/3
    73 | D:1      | Reached skill level 3 in Transmutations
   185 | D:1      | Reached XP level 2. HP: 14/21 MP: 3/5
   375 | D:1      | Learned a level 2 spell: Sticks to Snakes
   782 | D:2      | Found a snail-covered altar of Cheibriados.
   955 | D:2      | Reached XP level 3. HP: 26/26 MP: 4/6
   969 | D:2      | Found a runed door.
  1137 | D:2      | Learned a level 3 spell: Spider Form
  1419 | D:2      | Noticed Ijyb
  1434 | D:2      | Killed Ijyb
  1434 | D:2      | Reached skill level 1 in Poison Magic
  1434 | D:2      | Reached XP level 4. HP: 25/32 MP: 4/7
  1720 | D:2      | Noticed Crazy Yiuf
  1727 | D:2      | Killed Crazy Yiuf
  1969 | D:3      | Reached XP level 5. HP: 37/37 MP: 5/9
  2056 | D:3      | Found a glowing golden altar of the Shining One.
  2122 | D:3      | Reached skill level 3 in Spellcasting
  2702 | D:4      | Reached skill level 6 in Transmutations
  3139 | D:4      | Reached XP level 6. HP: 41/43 MP: 6/10
  3180 | D:4      | Learned a level 5 spell: Blade Hands
  3193 | D:4      | Found a shattered altar of Ashenzari.
  3222 | D:4      | Noticed Malvoorn's ghost (amateur DsBe)
  3266 | D:4      | Killed Malvoorn's ghost
  3631 | D:4      | Found a blossoming altar of Fedhas.
  3689 | D:4      | Found a stormy altar of Qazlal.
  3748 | D:4      | Found a shimmering altar of Xom.
  3752 | D:4      | Reached XP level 7. HP: 47/48 MP: 6/11
  3799 | D:4      | Became a worshipper of Ashenzari the Shackled
  3858 | D:4      | Reached skill level 9 in Transmutations
  3935 | D:4      | Found a burning altar of Makhleb.
  4194 | D:4      | Found a shadowy altar of Dithmenos.
  4195 | D:4      | Found a hide-covered altar of Uskayaw.
  4195 | D:4      | Found a white marble altar of Elyvilon.
  4310 | D:5      | Entered Level 5 of the Dungeon
  4661 | D:5      | Reached skill level 3 in Fighting
  4880 | D:4      | Reached XP level 8. HP: 14/58 MP: 7/14
  5897 | D:5      | Learned a level 3 spell: Regeneration
  5926 | D:6      | Reached skill level 1 in Necromancy
  6106 | D:6      | Found a hazy altar of Hepliaklqana.
  6126 | D:6      | Found a staircase to the Ecumenical Temple.
  6161 | D:6      | Noticed Prince Ribbit
  6177 | D:6      | Killed Prince Ribbit
  6190 | D:6      | Reached skill level 3 in Necromancy
  6271 | D:6      | Reached XP level 9. HP: 57/68 MP: 11/17
  6313 | D:6      | Found a sacrificial altar of Ru.
  6330 | D:6      | Noticed Pikel
  6346 | D:6      | Killed Pikel
  6346 | D:6      | Reached skill level 6 in Fighting
  6350 | D:6      | Noticed Blork the orc
  6356 | D:6      | Killed Blork the orc
  6623 | D:6      | Noticed Eustachio
  6637 | D:6      | Killed Eustachio
  6687 | D:6      | Reached skill level 1 in Armour
  6927 | D:6      | Reached * piety under Ashenzari
  7185 | D:7      | Found a flagged portal.
  7282 | Bailey   | Entered a bailey
  7683 | Bailey   | Reached skill level 3 in Armour
  8215 | Bailey   | Reached XP level 10. HP: 45/76 MP: 9/18
  9262 | D:7      | Found an ornate altar of the Wu Jian Council.
  9445 | D:7      | Found a sparkling altar of Nemelex Xobeh.
  9446 | D:7      | Found an opulent altar of Gozag.
  9503 | D:8      | Noticed a two-headed ogre
  9512 | D:8      | Killed a two-headed ogre
  9711 | D:8      | Found an iron altar of Okawaru.
 10300 | D:9      | Found a staircase to the Lair.
 10337 | D:9      | Reached skill level 9 in Dodging
 10343 | D:9      | Noticed an eight-headed hydra
 10373 | D:8      | Slain by an eight-headed hydra

Vault maps used:
D:1:      dpeg_arrival_rooms_a
D:2:      cheibriados_altar_1, minmay_tree_intersection, glass_columns_a,
          uniq_iyjb, uniq_crazy_yiuf_cottage
D:3:      lemuel_crystal_altar
D:4:      grunt_temple_overflow_forces_of_nature, lemuel_round_altar,
          led_xom_imps, chequers_temple_overflow_statue_of_worship, first_bread
D:6:      nicolae_overflow_crystal_walls, minmay_temple_entry_hall,
          minmay_fountain_box, minmay_misc_feat_rows, hangedman_ru_absence,
          uniq_prince_ribbit1, uniq_pikel, uniq_blork_the_orc, uniq_eustachio
D:7:      grunt_temple_overflow_opulence, lemuel_coloured_pillars_altar,
          serial_aquarium, aquarium_bridge_long_separate, aquarium_window_1,
          aquarium_window_fake, aquarium_window_corner, aquarium_view_4,
          enter_bailey_2
D:8:      okawaru_gym_becter
D:9:      overflow_temple_1_default, lair_entry_dummy, erik_orc_1, led_sif_book
Bailey:   bailey_polearm_gnolls_kennysheep, bailey

Skill      XL: |  1  2  3  4  5  6  7  8  9 10 |
---------------+-------------------------------+-----
Transmutations | 3 4 5 6 8 9 |  9.2
Poison Magic   | 1 2 |  2.0
Spellcasting   | 3 4 5 |  5.3
Fighting       | 3 5 6 |  6.2
Necromancy     | 3 |  3.0
Charms         | 2 |  2.1
Dodging        | 4 9 |  9.1
Unarmed Combat | 4 |  4.4
Armour         | 4 5 |  5.0

Action                   |  1- 3 |  4- 6 |  7- 9 | 10-12 || total
-------------------------+-------+-------+-------+-------++-------
Melee: Unarmed           |   106 |   117 |   261 |   132 ||   616
       Headbutt          |    11 |     4 |       |     1 ||    16
       Punch             |       |     2 |     5 |     1 ||     8
       Tailslap          |       |       |     3 |       ||     3
 Cast: Beastly Appendage |    23 |     6 |       |     1 ||    30
       Spider Form       |     4 |    17 |     9 |       ||    30
       Blade Hands       |       |     5 |    31 |    21 ||    57
       Sticks to Snakes  |       |     3 |    10 |     3 ||    16
       Regeneration      |       |       |     7 |     1 ||     8
Invok: Curse Item        |       |       |     2 |       ||     2
 Abil: End Transformatio |       |       |     3 |       ||     3
  Use: Scroll            |       |     2 |     4 |     7 ||    13
       Potion            |       |       |     3 |     1 ||     4
 Stab: Sleeping          |     1 |     2 |     1 |       ||     4
       Distracted        |       |     2 |     1 |     1 ||     4
  Eat: Chunk             |     3 |    11 |    24 |    13 ||    51
       Fruit             |       |       |       |     1 ||     1
Armor: Robe              |    10 |     8 |    25 |       ||    43
       Skin              |     1 |     3 |     9 |       ||    13
       Leather armour    |       |       |    11 |    29 ||    40
Dodge: Dodged            |    72 |    78 |   245 |   134 ||   529
Block: Other             |     1 |    12 |    42 |    16 ||    71
       Reflection        |       |     1 |     2 |       ||     3
